 Dungeon Crawl Stone Soup version 0.31-a0-986-g5e6e4ef867 (webtiles) character file.

Game seed: 2445416366919295215

228 DocClef the Changeling (level 5, -2/37 HPs)
             Began as a Demonspawn Shapeshifter on Nov 6, 2023.
             Slain by an orc
             ... wielding a +0 mace
              (7 damage)
             ... on level 4 of the Dungeon.
             The game lasted 00:03:01 (2879 turns).

DocClef the Changeling (Demonspawn Shapeshifter)    Turns: 2879, Time: 00:03:01

Health: -2/37      AC:  8    Str: 17    XL:     5   Next: 71%
Magic:  5/5        EV:  9    Int: 11    God:
Gold:   344        SH:  0    Dex: 12    Spells: 4/4 levels left

rFire   . .          .
                       - Unarmed
rCold   . . .        (no shield)
rNeg    . . .        p - +0 chain mail
rPois   .            (helmet currently unavailable)
rElec   .            (cloak currently unavailable)
rCorr   .            (gloves currently unavailable)
SInv    .            (boots currently unavailable)
Will    .....        (no amulet) Stlth
                     (no ring)
HPRegen 0.26/turn    (no ring)
MPRegen 0.09/turn

%: no passive effects
@: beast-form
A: beast (slay +3), repulsion field 1, spiny 1
a: Begin Untransformation


You were on level 4 of the Dungeon.
You were a hulking beast.
You visited 1 branch of the dungeon, and saw 4 of its levels.

You collected 374 gold pieces.
You spent 30 gold pieces at shops.

Inventory:

Armour
 a - a +0 animal skin
 p - a +0 chain mail (worn)
Talismans
 c - a beast talisman (active)
 d - a flux talisman
 e - a blade talisman
Wands
 q - a wand of paralysis (11)
Scrolls
 f - 3 scrolls of revelation {unknown}
 g - a scroll of teleportation
 h - a scroll of fog {unknown}
 j - a scroll of butterflies {unknown}
 k - 4 scrolls of identify {unknown}
 l - 2 scrolls of poison {unknown}
 o - a scroll of fear {unknown}
Potions
 b - 3 potions of lignification
 i - a potion of brilliance {unknown}
 m - a potion of curing {unknown}
 n - a potion of degeneration {unknown}


   Skills:
 - Level 1.0 Fighting
 - Level 1.7 Dodging
 + Level 2.7 Unarmed Combat
 + Level 5.5 Shapeshifting


You had 4 spell levels left.
You didn't know any spells.
Your spell library contained the following spells:

 Spells                   Type           Power      Damage    Failure   Level
 Apportation              Tloc           0%         N/A       99%         1
 Necrotise                Necr           0%         1d4       99%         1
 Summon Small Mammal      Summ           0%         N/A       99%         1
 Blink                    Tloc           0%         N/A       100%        2
 Lesser Beckoning         Tloc           0%         N/A       100%        2
 Momentum Strike          Conj/Tloc      0%         3d8       100%        2


Dungeon Overview and Level Annotations

Branches:
Dungeon (4/15)
 Temple: D:4-7

Altars:
Makhleb

Shops:
D:1 *


Innate Abilities, Weirdness & Mutations

You are a hulking beast.
Your limbs bulge with bestial killing power. (Slay +3)
You are surrounded by a mild repulsion field. (EV +2)
You are partially covered in sharp spines.


Message History

An orc comes into view. It is wielding a +0 club.
An orc is nearby!
Found 15 gold pieces.
An orc comes into view. It is wielding a +0 mace.
An ogre and an orc priest come into view.
The ogre shouts!
The orc priest shouts!
You hear a shout!
An orc priest comes into view. It is wielding a +0 hand axe.
The orc barely misses you.
You hit the orc but do no damage. The orc hits you with a +0 club.
The orc priest looks satisfied for a moment.
You barely miss the orc. The orc is struck by your spines.
The orc closely misses you.
You hit the orc but do no damage.
The orc is lightly wounded.
The orc priest begins to cast a cantrip, but forgets the words!
The orc barely misses you.
You closely miss the orc.
The orc is lightly wounded.
You hit the orc.
The orc is heavily wounded.
The orc hits you but does no damage. The orc is struck by your spines.
The orc hits you but does no damage.
You barely miss the orc.
The orc is heavily wounded.
The orc hits you with a +0 club. The orc hits you with a +0 mace.
You hit the orc.
You kill the orc!
The orc barely misses you. The ogre is struck by your spines.
The ogre barely misses you.
You hit the ogre.
The ogre is moderately wounded.
The orc priest casts a cantrip, but nothing happens.
The orc priest is struck by your spines.
The orc priest hits you with a +0 flail.
The ogre hits you with a +0 giant spiked club!!
Ouch! That really hurt!
* * * LOW HITPOINT WARNING * * *
The orc priest calls down the wrath of Beogh upon you.
You barely resist. The orc hits you with a +0 mace!
You die...

...........##.......#
...........##.......#
.................#.#..
.................#.#.##
######...........#.#.#
##......<#### # #
######..# .#.###
##.####..$...
#..hoO......
##..o.......
#...)o..... #.!........
#.......... #.....>....
#.......... #..........
#..........


You could see an ogre, 2 orc priests and an orc.

Vanquished Creatures
  An orc priest (D:4)
  An orc wizard (D:4)
  2 iguanas
  2 adders (D:3)
  3 worms
  3 dart slugs
  4 orcs
  4 endoplasms
  3 giant cockroaches
  7 goblins
  13 hobgoblins
  8 jackals
  4 quokkas
  7 ball pythons
  6 bats
  4 frilled lizards
  5 kobolds
  6 rats
83 creatures vanquished.

Notes
Turn   | Place    | Note
-------+----------+-------------------------------------------
     0 | D:1      | DocClef the Demonspawn Shapeshifter began the quest for the
                  | Orb.
     0 | D:1      | Reached XP level 1. HP: 15/15 MP: 1/1
   116 | D:1      | Reached skill level 3 in Shapeshifting
   137 | D:1      | Gained mutation: You are partially covered in sharp spines.
                  | [demonic ancestry]
   137 | D:1      | Reached XP level 2. HP: 20/21 MP: 2/2
   458 | D:1      | Found Xummem's General Store.
   466 | D:1      | Bought a scroll of teleportation for 30 gold pieces
   659 | D:1      | Gained mutation: You are surrounded by a mild repulsion
                  | field. (EV +2) [demonic ancestry]
   659 | D:1      | Reached XP level 3. HP: 26/26 MP: 3/3
  1194 | D:2      | Reached skill level 4 in Shapeshifting
  1719 | D:3      | Found a burning altar of Makhleb.
  1733 | D:3      | Reached XP level 4. HP: 27/32 MP: 4/4
  2367 | D:4      | Reached XP level 5. HP: 37/37 MP: 5/5
  2512 | D:4      | Reached skill level 5 in Shapeshifting
  2870 | D:4      | Noticed an ogre
  2879 | D:4      | Slain by an orc

Illustrated notes

Levels and vault maps discovered:
D:1:      dpeg_arrival_round_b, layout_basic, serial_shops, shop_fountains
D:2:      layout_basic, minmay_gold_behind_fungi, minmay_misc_feat_diagonals
D:3:      minmay_diamond_boxcup, layout_rooms, lemuel_crystal_altar
D:4:      minmay_polygon_palace, layout_basic,
          minmay_temple_entry_enclosed_plants, nicolae_nh_ransacked_shop

Skill      XL: |  1  2  3  4  5 |
---------------+----------------+-----
Shapeshifting  | 3 4 5 |  5.5
Fighting       | |  1.0
Dodging        | |  1.7
Unarmed Combat | |  2.7

Action                     |  1- 3 |  4- 6 || total
---------------------------+-------+-------++-------
  Melee: Unarmed           |   104 |    98 ||   202
   Stab: Sleeping          |     2 |       ||     2
 Armour: Animal skin       |    38 |    20 ||    58
         Chain mail        |       |    38 ||    38
  Dodge: Dodged            |    46 |    56 ||   102
   Form: Blade             |     1 |       ||     1
         Beast             |     1 |       ||     1

Table legend: (Time is in decaauts)
 A = Elapsed time spent in this place.
 B = Non-inter-level travel time spent in this place.
 C = Inter-level travel time spent in this place.
 D = Time resting spent in this place.
 E = Time spent auto-exploring this place.
 F = Levels seen in this place.
 G = Mean time per level.
                   A        B        C        D        E       F      G
               +--------+--------+--------+--------+--------+-----+--------+
         Total |   2867 |   2767 |    100 |    303 |   1965 |   4 |  716.8 |
       Dungeon |   2867 |   2767 |    100 |    303 |   1965 |   4 |  716.8 |
               +--------+--------+--------+--------+--------+-----+--------+

Top non-repeatable levels by time:
     D:2: 897 daAuts
     D:1: 815 daAuts
     D:3: 640 daAuts
     D:4: 514 daAuts
